Map: Thunderbird LE

Players

printf

  • Race: Protoss Protoss
  • League: Grandmaster
  • Spawn Location: 5:00

TurkeyDano - Winner!

  • Race: Protoss Protoss
  • League: Grandmaster
  • Spawn Location: 11:00

VOD

Have the link to the VOD?

Description

Time

  • Played on: Oct. 20, 2019, 4:07 p.m.
  • Length: 10:09
Show
View Real Time Build Order
Export as new Build Order

printf Protoss 

Build Orders: Cannon Rush 

Get SALT Encoding   

  12  0:00  Probe (Chrono Boost)  
  13  0:10  Probe (Chrono Boost)  
  14  0:17  Pylon  
  14  0:21  Probe  
  15  0:35  Probe  
  16  0:37  Forge  
  17  0:54  Pylon  
  16  1:13  Photon Cannon, Pylon  
  16  1:18  Gateway  
  16  1:30  Photon Cannon  
  16  1:35  Pylon  
  16  1:49  Pylon  
  16  1:55  Photon Cannon  
  16  2:07  Photon Cannon  
  15  2:09  Photon Cannon  
  15  2:17  Photon Cannon  
  15  2:27  Photon Cannon  
  15  2:42  Photon Cannon  
  15  2:49  Photon Cannon  
  15  2:57  Photon Cannon  
  15  3:08  Gateway  
  15  3:12  Photon Cannon  
  15  3:20  Photon Cannon  
  15  3:34  Pylon  
  15  3:36  Assimilator  
  15  3:37  Probe  
  16  3:43  Pylon  
  16  3:47  Pylon  
  16  3:52  Pylon  
  16  3:57  Cybernetics Core  
  15  4:05  Zealot x2 (Chrono Boost)  
  19  4:16  Probe  
  20  4:23  Zealot  
  20  4:24  Zealot  
  19  4:50  Zealot (Chrono Boost)  
Show
View Real Time Build Order
Export as new Build Order

TurkeyDano Protoss - Winner!

Build Orders:  

Get SALT Encoding   

  12  0:00  Probe  
  13  0:13  Probe  
  14  0:18  Pylon  
  14  0:25  Probe  
  15  0:36  Gateway  
  15  0:37  Probe  
  16  0:49  Probe, Assimilator  
  17  1:06  Probe  
  18  1:17  Pylon  
  18  1:25  Zealot (Chrono Boost)  
  18  1:30  Cybernetics Core  
  20  1:33  Probe  
  20  1:53  Probe  
  21  2:01  Gateway  
  21  2:04  Stalker (Chrono Boost)  
  21  2:09  Shield Battery  
  21  2:20  Shield Battery  
  21  2:22  Pylon  
  21  2:26  Stalker (Chrono Boost)  
  23  2:40  Shield Battery  
  23  2:48  Stalker (Chrono Boost)  
  25  3:05  Shield Battery  
  25  3:22  Stalker (Chrono Boost)  
  20  5:10  Assimilator  
Tags
 
Add a new tag
Caveats
  • Supply blocks, unpowered buildings, or Contaminate may cause inaccurate times.
  • Supply counts are checked every 10 seconds.